 Dungeon Crawl Stone Soup version 0.28-a0-1152-g9c71ebef14 (webtiles) character file.

Game seed: 1776704219085217521

7450 wakim the Fighter (level 11, -16/68 HPs)
             Began as a Tengu Air Elementalist on Dec 14, 2021.
             Was a Believer of Vehumet.
             Demolished by a polar bear (22 damage)
             ... in an ice cave.
             The game lasted 00:50:35 (9742 turns).

wakim the Fighter (Tengu Air Elementalist)          Turns: 9742, Time: 00:50:36

Health: -16/68     AC:  7    Str:  8    XL:     11   Next: 15%
Magic:  11/30      EV: 17    Int: 19    God:    Vehumet [**....]
Gold:   512        SH:  0    Dex: 16    Spells: 9/22 levels left

rFire   . . .      SeeInvis .   a - staff of air
rCold   + . .      Faith    .   (no shield)
rNeg    . . .      Spirit   .   w - +2 robe
rPois   .          Reflect  .   (helmet restricted)
rElec   +          Harm     .   s - +0 cloak
rCorr   .          Rampage  .   p - +1 pair of gloves {Stlth+}
Will    .....                   (boots unavailable)
Stlth   +++.......              (no amulet)
HPRegen 0.21/turn               e - ring of protection from cold
MPRegen 0.22/turn               f - ring of magical power

@: swift, flying quickly and evasively, very slightly contaminated, very quick
A: beak, talons 3, nimble flight
a: Renounce Religion


You were in an ice cave.
You worshipped Vehumet.
Vehumet was pleased with you.
You visited 3 branches of the dungeon, and saw 10 of its levels.
You also visited: Ice Cave.

You collected 512 gold pieces.

Inventory:

Hand Weapons
 b - a +0 dagger
Missiles
 i - 2 throwing nets {=f!f}
 o - 5 curare-tipped darts {=f}
Armour
 m - +0 acid dragon scales
 p - a +1 pair of gloves of stealth (worn)
 s - a +0 cloak (worn)
 w - a +2 robe (worn)
Magical Staves
 a - a staff of air (weapon)
Jewellery
 d - a ring of poison resistance
 e - a ring of protection from cold (left hand)
 f - a ring of magical power (right hand)
 q - a ring of willpower
Wands
 y - a wand of paralysis (4)
 z - a wand of polymorph (11)
 C - a wand of flame (41)
Scrolls
 g - a scroll of amnesia {unknown}
 h - 2 scrolls of magic mapping {unknown}
 k - a scroll of noise {unknown}
 l - a scroll of enchant weapon
 n - a scroll of enchant armour {unknown}
 r - a scroll of identify
 u - a scroll of teleportation {unknown}
 x - a scroll of blinking {unknown}
 W - a scroll of holy word
 X - a scroll of fog
Potions
 c - a potion of flight {unknown}
 j - a potion of curing {unknown}
 t - a potion of brilliance {unknown}
 A - a potion of ambrosia
 B - a potion of attraction {!q}
 E - a potion of cancellation
 J - a potion of heal wounds
Miscellaneous
 v - a lightning rod (4/4)


   Skills:
 + Level 8.1 Fighting
 - Level 4.0 Staves
 - Level 5.0 Dodging
 - Level 2.0 Stealth
 - Level 6.0 Spellcasting
 - Level 8.0 Conjurations
 - Level 3.0 Fire Magic
 - Level 8.0 Air Magic
 - Level 3.6 Earth Magic
 - Level 7.0 Evocations


You had 9 spell levels left.
You knew the following spells:

 Your Spells              Type           Power      Damage    Failure   Level
a - Shock                 Conj/Air       100%       1d9       1%          1
b - Airstrike             Air            26%        N/A       4%          4
d - Static Discharge      Conj/Air       52%        N/A       1%          2
s - Swiftness             Air            52%        N/A       1%          3
x - Stone Arrow           Conj/Erth      54%        3d10      3%          3

Your spell library contained the following spells:

 Spells                   Type           Power      Damage    Failure   Level
 Freeze                   Ice            20%        1d4       11%         1
 Conjure Flame            Conj/Fire      26%        6-21      3%          3
 Sticky Flame             Conj/Fire      26%        2d5       12%         4
 Ignite Poison            Fire/Tmut/Pois 9%         N/A       22%         3
 Fireball                 Conj/Fire      13%        3d7       32%         5
 Animate Armour           Summ/Erth      24%        N/A       47%         4
 Iron Shot                Conj/Erth      13%        9d3       85%         6
 Starburst                Conj/Fire      13%        6d5       87%         6
 Blade Hands              Tmut           2%         N/A       97%         5
 Ignition                 Fire           8%         3d5       100%        8
 Lehudib's Crystal Spear  Conj/Erth      13%        10d5      100%        8


Dungeon Overview and Level Annotations

Branches:
Dungeon (8/15)             Temple (1/1) D:5            Lair (1/6) D:8
  IceCv (1/1)

Altars:
Ashenzari
Dithmenos
Kikubaaqudgha
Makhleb
Nemelex Xobeh
Vehumet
Yredelemnul

Annotations:
Lair:1 exclusion: hydra


Innate Abilities, Weirdness & Mutations

You have a beak for a mouth.
You have claws for feet.
Your magical nature lets you fly swiftly and evasively.


Message History

The rime drake barely misses you.
Casting: Static Discharge (safe; 1% risk of failure)
Confirm with . or Enter, or press ? or * to list all spells.
You feel a surge of power!
The rime drake is struck by an arc of lightning!
You kill the rime drake!
Vehumet accepts your kill.
The polar bear is struck by an arc of lightning.
The polar bear is severely wounded.
You resist.
You are struck by an arc of lightning.
* * * LOW HITPOINT WARNING * * *
The lightning grounds out.
The polar bear is struck by an arc of lightning.
The polar bear is almost dead.
The lightning grounds out.
The polar bear goes berserk!
Your Fighting skill increases to level 8!
Casting: Static Discharge (safe; 1% risk of failure)
Confirm with . or Enter, or press ? or * to list all spells.
Aiming: Stone Arrow (dangerous; 3% risk of failure)
Press: ? - help, Shift-Dir - straight line, f - polar bear
Aim: a polar bear (almost dead, berserk, 79% to hit)
The stone arrow misses the polar bear.
The rime drake hisses angrily.
The polar bear bites you.
* * * LOW HITPOINT WARNING * * *
The polar bear claws you.
* * * LOW HITPOINT WARNING * * *
The polar bear claws you.
* * * LOW HITPOINT WARNING * * *
Casting: Stone Arrow (dangerous; 3% risk of failure)
Confirm with . or Enter, or press ? or * to list all spells.
Aiming: Stone Arrow (dangerous; 3% risk of failure)
Press: ? - help, Shift-Dir - straight line, f/p - polar bear
Aim: a polar bear (almost dead, berserk, 79% to hit)
You miscast Stone Arrow.
You are very lightly contaminated with residual magic.
Nothing appears to happen.
The polar bear closely misses you. The polar bear barely misses you.
The polar bear closely misses you. The polar bear bites you!!
You die...

.. ... .... ####
.h..# ######..##
.#h..## ##..##....##
#....h.###.....†....#
#.kk....#k..h@.†∩.∩.#
#....##†......#
##..#####....## ####
##..## ####


You could see a polar bear (berserk) and a rime drake.

Vanquished Creatures
  A two-headed ogre (D:8)
  Sonja (Lair:1)
  Maggie (D:7)
  A rime drake (IceCv)
  2 polar bears (IceCv)
  10 yaks
  Sigmund (D:2)
  2 steam dragons (D:8)
  2 water moccasins
  3 orc warriors
  5 ice beasts
  3 necrophages
  4 sky beasts
  A centaur (D:7)
  A wolf (IceCv)
  3 ogres
  3 bullfrogs
  A water moccasin zombie (D:5)
  A scorpion (D:5)
  5 killer bees
  2 electric eels (Lair:1)
  4 hounds
  2 jellies
  A centaur zombie (D:7)
  3 orc priests
  A bullfrog skeleton (D:6)
  Crazy Yiuf (D:4)
  5 iguanas
  5 orc wizards
  A hound zombie (D:3)
  12 gnolls
  6 adders
  A white imp (D:7)
  An adder skeleton (D:4)
  2 adder zombies (D:3)
  A worm (D:4)
  6 dart slugs
  23 orcs
  A ball python (D:1)
  11 endoplasms
  4 giant cockroaches
  5 goblins
  8 hobgoblins
  7 jackals
  2 kobolds
  A quokka (D:4)
  A ball python zombie (D:3)
  8 bats
  5 frilled lizards
  6 rats
187 creatures vanquished.

Vanquished Creatures (others)
  2 plants (Lair:1)
2 creatures vanquished.

Grand Total: 189 creatures vanquished

Notes
Turn   | Place    | Note
-------+----------+-------------------------------------------
     0 | D:1      | wakim the Tengu Air Elementalist began the quest for the
                  | Orb.
     0 | D:1      | Reached XP level 1. HP: 10/10 MP: 4/4
   265 | D:1      | Reached XP level 2. HP: 15/15 MP: 3/6
   712 | D:1      | Learned a level 2 spell: Static Discharge
   745 | D:1      | Reached XP level 3. HP: 19/19 MP: 4/7
  1162 | D:2      | Reached skill level 5 in Air Magic
  1384 | D:2      | Noticed Sigmund
  1413 | D:2      | Found a sparkling altar of Nemelex Xobeh.
  1608 | D:2      | Reached XP level 4. HP: 21/24 MP: 5/8
  2363 | D:3      | Noticed an ice beast
  2389 | D:3      | Killed an ice beast
  2390 | D:3      | Reached skill level 5 in Conjurations
  2390 | D:3      | Gained mutation: Your magical nature lets you fly swiftly
                  | and evasively. [Tengu growth]
  2390 | D:3      | Reached XP level 5. HP: 10/28 MP: 2/9
  2769 | D:3      | Found a basalt altar of Yredelemnul.
  3011 | D:3      | Found a shadowy altar of Dithmenos.
  3064 | D:3      | Reached XP level 6. HP: 32/32 MP: 7/10
  3541 | D:4      | Learned a level 4 spell: Airstrike
  4076 | D:4      | Reached XP level 7. HP: 30/36 MP: 13/13
  4139 | D:4      | Learned a level 3 spell: Swiftness
  4143 | D:4      | Learned a level 3 spell: Stone Arrow
  4323 | D:4      | Found a runed translucent door.
  4324 | D:4      | Noticed Crazy Yiuf
  4352 | D:5      | Entered Level 5 of the Dungeon
  4757 | D:5      | Reached skill level 1 in Earth Magic
  4963 | D:5      | Found a burning altar of Makhleb.
  5018 | D:5      | Reached XP level 8. HP: 42/42 MP: 15/15
  5032 | D:5      | Found a radiant altar of Vehumet.
  5044 | D:5      | Became a worshipper of Vehumet
  5120 | D:5      | Found a staircase to the Ecumenical Temple.
  5234 | D:5      | Noticed a yak
  5237 | D:5      | Killed a yak
  5237 | D:5      | Noticed a yak
  5238 | D:5      | Reached skill level 1 in Fighting
  5239 | D:5      | Noticed a yak
  5239 | D:5      | Noticed a yak
  5259 | D:5      | Killed a yak
  5391 | D:5      | Killed a yak
  5397 | D:5      | Killed a yak
  5723 | D:5      | Reached skill level 1 in Evocations
  5775 | D:5      | Reached XP level 9. HP: 52/52 MP: 12/16
  5971 | Temple   | Entered the Ecumenical Temple
  6044 | D:6      | Reached skill level 1 in Staves
  6632 | D:7      | Reached * piety under Vehumet
  6632 | D:7      | Offered knowledge of Magic Dart by Vehumet.
  6635 | D:7      | Reached skill level 5 in Fighting
  6930 | D:7      | Noticed Maggie
  6936 | D:7      | Killed Maggie
  6937 | D:7      | Reached skill level 5 in Dodging
  7144 | D:7      | Reached XP level 10. HP: 60/60 MP: 17/17
  7682 | D:8      | Reached skill level 5 in Evocations
  7779 | D:7      | Found an ancient bone altar of Kikubaaqudgha.
  7781 | D:7      | Found a broken altar of Ashenzari.
  8212 | D:2      | Killed Sigmund
  8381 | D:4      | Killed Crazy Yiuf
  8737 | D:8      | Offered knowledge of Freeze by Vehumet.
  8877 | D:8      | Found a staircase to the Lair.
  8877 | D:8      | Noticed a two-headed ogre
  8930 | D:8      | Reached ** piety under Vehumet
  8939 | D:8      | Reached skill level 5 in Spellcasting
  9162 | D:8      | Killed a two-headed ogre
  9248 | Lair:1   | Entered Level 1 of the Lair of Beasts
  9274 | Lair:1   | Noticed Sonja
  9277 | Lair:1   | Killed Sonja
  9278 | Lair:1   | Reached skill level 1 in Fire Magic
  9392 | Lair:1   | Noticed an eight-headed hydra
  9596 | Lair:1   | Found a frozen archway.
  9613 | IceCv    | Entered an ice cave
  9618 | IceCv    | Reached XP level 11. HP: 67/67 MP: 19/21
  9742 | IceCv    | Demolished by a polar bear

Illustrated notes

Levels and vault maps discovered:
D:1:      scummos_arrival_hexagon, layout_loops_cross
D:2:      layout_loops_corners, basic_altar, minmay_tromino_v4_c, uniq_sigmund
D:3:      layout_basic, nicolae_yredelemnul_corpse_copse,
          nicolae_dithmenos_the_darkroom
D:4:      layout_loops_ring, uniq_crazy_yiuf_cottage
D:5:      layout_gridville, old_standard_altar, general_overflow_altar,
          minmay_temple_entry_proselytizer, chequers_serial_rivers_micro_b
D:6:      layout_rooms
D:7:      layout_basic, grunt_temple_overflow_open, uniq_maggie
D:8:      layout_gridville, lair_entry_dummy
Temple:   regret_index_temple_generic_petals
Lair:1:   dragon1_lemuel, layout_regular_city, portal_ice_cave_entry_pillars_1,
          lemuel_fruit_fields, serial_bayou_shore_b, serial_bayou_shore_a,
          lemuel_fruit_fields, grunt_megastairs_3, uniq_sonja
IceCv:    ice_cave_small_giant

Skill      XL: |  1  2  3  4  5  6  7  8  9 10 11 |
---------------+----------------------------------+-----
Conjurations   | 2 3 5 6 8 |  8.0
Air Magic      | 5 6 8 |  8.0
Spellcasting   | 3 4 6 |  6.0
Earth Magic    | 2 3 |  3.6
Fighting       | 4 5 7 8 |  8.1
Evocations     | 1 4 7 |  7.0
Staves         | 4 |  4.0
Dodging        | 5 |  5.0
Fire Magic     | 2 3 |  3.0
Stealth        | |  2.0

Action                   |  1- 3 |  4- 6 |  7- 9 | 10-12 || total
-------------------------+-------+-------+-------+-------++-------
Melee: Unarmed           |     2 |       |       |       ||     2
       Peck              |     1 |       |     3 |     5 ||     9
       Dagger            |       |     1 |     3 |       ||     4
       Kick              |       |       |     6 |     6 ||    12
       Staff             |       |       |    22 |    32 ||    54
 Cast: Shock             |    57 |    96 |    61 |    34 ||   248
       Static Discharge  |     1 |    10 |    24 |    20 ||    55
       Airstrike         |       |       |    31 |    27 ||    58
       Stone Arrow       |       |       |    22 |    21 ||    43
       Swiftness         |       |       |       |     2 ||     2
  Use: Scroll            |     3 |     1 |     1 |     3 ||     8
Armor: Robe              |     3 |     3 |     8 |    12 ||    26
       Acid dragon scale |       |       |       |     3 ||     3
Dodge: Dodged            |     7 |    21 |    48 |    60 ||   136

Table legend: (Time is in decaauts)
 A = Elapsed time spent in this place.
 B = Non-inter-level travel time spent in this place.
 C = Inter-level travel time spent in this place.
 D = Time resting spent in this place.
 E = Time spent auto-exploring this place.
 F = Levels seen in this place.
 G = Mean time per level.
                   A        B        C        D        E       F      G
               +--------+--------+--------+--------+--------+-----+--------+
         Total |   9352 |   8347 |   1005 |   2826 |   1472 |  11 |  850.2 |
       Dungeon |   8891 |   7888 |   1003 |   2736 |   1472 |   8 | 1111.4 |
        Temple |      1 |      1 |      0 |      0 |      0 |   1 |    1.0 |
          Lair |    332 |    331 |      1 |      0 |      0 |   1 |  332.0 |
      Ice Cave |    126 |    126 |      0 |     90 |      0 |   1 |  126.0 |
               +--------+--------+--------+--------+--------+-----+--------+

Top non-repeatable levels by time:
     D:5: 1739 daAuts
     D:3: 1371 daAuts
     D:2: 1283 daAuts
     D:7: 1075 daAuts
     D:1: 997 daAuts
     D:8: 996 daAuts
     D:4: 868 daAuts
     D:6: 558 daAuts
  Lair:1: 332 daAuts
   IceCv: 126 daAuts
  Temple: 1 daAuts
